[Event "Early-Titled-Tuesday-Blitz-September-12-2023"]
[Site "Chess.com"]
[Date "2023.09.12"]
[Round "2"]
[White "ferrufino64"]
[Black "infinitegiantkiller"]
[Result "0-1"]
[WhiteElo "2259"]
[BlackElo "2497"]
[TimeControl "180+1"]
[EndTime "8:18:49 PDT"]
[Termination "infinitegiantkiller won by checkmate"]

1. e4 c5 2. Nf3 Nc6 3. d4 cxd4 4. Nxd4 g6 5. c4 Bg7 6. Be3 Nf6 7. Nc3 d6 8. Be2 O-O 9. O-O Nxd4 10. Bxd4 Be6 11.
Rc1 a6 12. f4 Rc8 13. b3 Qa5 14. Kh1 b5 15. cxb5 axb5 16. f5 Bd7 17. Bxf6 Bxf6 18. Nd5 Rxc1 19. Qxc1 Qxa2 20. Qd1 Qb2 21. fxg6 fxg6 22.
Bg4 Bxg4 23. Qxg4 Qxb3 24. Qe6+ Kg7 25. e5 Bg5 26. Rg1 Qc4 27. h3 dxe5 28. Qd7 Bf6 29. Nc7 Rf7 30. Nxb5 Qe4 31. Nc7 Qf5 32. Ne6+ Kh6 33.
Qd2+ Bg5 34. Qd5 Bf4 35. Nd8 Rf6 36. g4 Qc2 37. Nf7+ Rxf7 38. g5+ Kg7 39. Qg2 Qxg2+ 40. Kxg2 Be3 41. Re1 Bd4 42. Re2 Rf5 43. h4 Kf7 44.
Kh3 Ke6 45. Kg4 Kd5 46. Ra2 Rf4+ 47. Kg3 Rf7 48. Ra5+ Ke6 49. Ra2 Kf5 50. Rc2 e4 51. Rc1 e5 52. Rf1+ Ke6 53. Re1 e3 54. h5 Rf5 55.
hxg6 hxg6 56. Kg4 Rf4+ 57. Kg3 Kf5 58. Rh1 Kxg5 59. Rh8 Rf2 60. Re8 Rf5 61. Rb8 e2 62.
Rb1 Bf2+ 63. Kg2 e1=Q 64. Rxe1 Bxe1 65. Kh3 Rf3+ 66. Kg2 Rg3+ 67. Kh1 Bf2 68. Kh2 e4 69. Kh1 e3 70. Kh2 e2 71. Kh1 e1=Q+ 72. Kh2 Qg1# 0-1

[Event "Early-Titled-Tuesday-Blitz-September-12-2023"]
[Site "Chess.com"]
[Date "2023.09.12"]
[Round "2"]
[White "BigAl"]
[Black "Leonid_Starozhilov"]
[Result "0-1"]
[WhiteElo "2543"]
[BlackElo "2785"]
[TimeControl "180+1"]
[EndTime "8:18:50 PDT"]
[Termination "Leonid_Starozhilov won by resignation"]

1. Nf3 Nf6 2. g3 g6 3. Bg2 Bg7 4. O-O O-O 5. d3 d6 6. e4 c6 7. Nc3 Bg4 8. h3 Bxf3 9. Qxf3 Nbd7 10. Qd1 a5 11. a4 e5 12. Kh2 Nc5 13. f4 exf4 14. gxf4 Nh5 15. d4 Ne6 16. Be3 Qh4 17. Ne2 Rae8 18. f5 Nc7 19. Qd2 Qd8 20. c3 c5 21. Bg5 Bf6 22. Bh6 Bg7 23. Bxg7 Kxg7 24. Rae1 Qh4 25. dxc5 dxc5 26. Qd6 Qe7 27. Qxe7 Rxe7 28. Bf3 Nf6 29. Ng3 Rfe8 30. Rg1 Re5 31. Rd1 Kf8 32. Rd6 Ng8 33. Rf1 R8e7 34. Rd8+ Re8 35. Rd6 Ke7 36. Rb6 Rb8 37. Rd1 Nf6 38. Rdd6 Nd7 39. f6+ Ke8 40. Bg4 Nxb6 41. Rxb6 Ne6 42.
Kg2 h5 43. Bd1 Kd7 44. Rb5 b6 45. Kf3 Kc7 46. Bb3 Rd8 47. Bd5 Rdxd5 48. exd5 Rxd5 49. Ne4 Ng5+ 50. Nxg5 Rxg5 51. b4 Rf5+ 52. Ke4 cxb4 53. Rxf5 gxf5+ 54. Kd3 b3 55. c4 f4 0-1

[Event "Early-Titled-Tuesday-Blitz-September-12-2023"]
[Site "Chess.com"]
[Date "2023.09.12"]
[Round "2"]
[White "Fleetw00dMac"]
[Black "Witik"]
[Result "0-1"]
[WhiteElo "2454"]
[BlackElo "2749"]
[TimeControl "180+1"]
[EndTime "8:18:50 PDT"]
[Termination "Witik won by resignation"]

1. d4 Nf6 2. c4 g6 3. Nc3 Bg7 4. e4 d6 5. Nf3 O-O 6. Be2 Na6 7. O-O e5 8. d5 Nc5 9. Qc2 a5 10. Bg5 h6 11. Be3 Nh5 12. g3 b6 13. a3 a4 14. Bxc5 bxc5 15. Nxa4 f5 16. Nh4 Nf4 17.
Bf3 Qf6 18. b4 Nh3+ 19. Kh1 fxe4 20. Bxe4 Nxf2+ 21. Kg1 Nh3+ 22. Kg2 Nf4+ 23. Kh1 Bh3 24. Rf2 g5 25. Ng2 Bxg2+ 26. Bxg2 e4 27. Re1 Nxg2 28. Rxf6 Nxe1 29. Rxf8+ Rxf8 30. Qe2 Nd3 31. Nc3 Bxc3 32. h4 Nf2+ 33. Kg2 g4 34. bxc5 dxc5 35. h5 Bd4 36. a4 e3 37. Qc2 Rf6 38. a5 Nh3 39. a6 Rxa6 40. Qf5 Rf6 41. Qc8+ Kh7 42. Qd7+ Kh8 43. Qc8+ Kg7 44. Qxg4+ Ng5 45. Qd7+ Rf7 46. Qg4 Rf2+ 47.
Kh1 e2 48. Qd7+ Rf7 49. Qe8 Rf1+ 50. Kg2 e1=Q 51. Qg6+ Kf8 52. Qxh6+ Ke8 0-1

[Event "Early-Titled-Tuesday-Blitz-September-12-2023"]
[Site "Chess.com"]
[Date "2023.09.12"]
[Round "2"]
[White "carokannlover213"]
[Black "leschebaza"]
[Result "1-0"]
[WhiteElo "2725"]
[BlackElo "2380"]
[TimeControl "180+1"]
[EndTime "8:18:50 PDT"]
[Termination "carokannlover213 won by checkmate"]

1. g3 Nf6 2. Bg2 g6 3. e4 d6 4. d4 Bg7 5. Ne2 c5 6. O-O cxd4 7. Nxd4 O-O 8. Nc3 Nc6 9. Nde2 a6 10. Be3 Rb8 11. a4 Bd7 12. Rc1 Ne5 13. b3 b5 14.
axb5 axb5 15. Nd5 Bc6 16. Nd4 Bxd5 17. exd5 h5 18. h3 Qd7 19. f4 Neg4 20. hxg4 Nxg4 21.
Bh3 Rbc8 22. Bxg4 hxg4 23. Nc6 Bf6 24. c4 bxc4 25. Rxc4 Kg7 26. Bd4 Rh8 27. Bxf6+ exf6 28. f5 Rh3 29. Qxg4 Rch8 30. fxg6 Rh1+ 31. Kf2 R8h2+ 32. Ke1 f5 33. Qd4+ f6 34. Qa7 Qxa7 35. Nxa7 Rxf1+ 36. Kxf1 Rb2 37. Nb5 Rxb3 38. Nxd6 Kxg6 39. Rd4 Rxg3 40. Nc4 Kf7 41. d6 Ke8 42. d7+ Kd8 43. Nd6 Rf3+ 44. Ke2 Ra3 45. Nf7+ Ke7 46. d8=Q+ Kxf7 47. Qd7+ Kg6 48. Rd3 Ra7 49. Qe8+ Kg5 50. Qe3+ f4 51. Qc5+ f5 52. Qxa7 f3+ 53. Kf1 f4 54. Qg7+ Kf5 55. Rd5+ Ke4 56. Qd4# 1-0

[Event "Early-Titled-Tuesday-Blitz-September-12-2023"]
[Site "Chess.com"]
[Date "2023.09.12"]
[Round "2"]
[White "Caterpiller35"]
[Black "Mops_2004"]
[Result "0-1"]
[WhiteElo "2477"]
[BlackElo "2746"]
[TimeControl "180+1"]
[EndTime "8:18:51 PDT"]
[Termination "Mops_2004 won on time"]

1. d4 g6 2. e4 Bg7 3. Nc3 d6 4.
Be3 a6 5. h4 h6 6. Qd2 b5 7.
O-O-O Bb7 8. f3 Nd7 9. Kb1 e6 10. Nh3 Ne7 11. Nf4 c5 12. dxc5 dxc5 13. g3 Qc7 14.
Bh3 Ne5 15. Bxe6 O-O 16. Bd5 Nxf3 17. Qf2 Nd4 18. Bxb7 Qxb7 19. Ncd5 b4 20. Bxd4 Bxd4 21. Rxd4 cxd4 22. Qxd4 Nc6 23. Qf6 Rae8 24. h5 Ne5 25. Qd6 Nc4 26. Nf6+ Kh8 27. Qd4 Na3+ 28. Kc1 Rd8 29.
N4d5 Nb5 30. Qe5 Qb8 31. Qxb8 Rxb8 32. hxg6 Kg7 33. Nh5+ Kxg6 34. Ndf4+ Kg5 35. Nd5 Kg4 36. Nhf6+ Kf3 37. Nd7 Kxe4 38. Nxb8 Rxb8 39. Nf6+ Kf3 40. Rxh6 Rb6 41. g4 Kg2 42. g5 Nd4 43. Kd2 Rc6 44.
c3 bxc3+ 45. bxc3 Nf3+ 46. Kd3 Rd6+ 47. Kc2 Rd2+ 48. Kb3 Rd1 0-1

[Event "Early-Titled-Tuesday-Blitz-September-12-2023"]
[Site "Chess.com"]
[Date "2023.09.12"]
[Round "2"]
[White "OchsenfroschGambit"]
[Black "LangesNasenhaar"]
[Result "0-1"]
[WhiteElo "2109"]
[BlackElo "2473"]
[TimeControl "180+1"]
[EndTime "8:18:51 PDT"]
[Termination "LangesNasenhaar won on time"]

1. d4 g6 2. c4 Bg7 3. e4 d6 4. Nc3 e5 5. d5 f5 6. exf5 gxf5 7.
Qh5+ Kf8 8. Qd1 Nf6 9. g3 Nbd7 10.
Bg2 Nc5 11. Nf3 a5 12. O-O Bd7 13. Nh4 Kf7 14. Qc2 Qc8 15. Bh3 f4 16. Bxd7 Qxd7 17.
Qf5 Qxf5 18. Nxf5 Rhf8 19. gxf4 Nfd7 20. Kh1 exf4 21. Bxf4 Bxc3 22. bxc3 Rae8 23. Rae1 Rxe1 24. Rxe1 Kg6 25. Nh4+ Kh5 26. Bg3 Ne5 27. Kg2 Rf7 28.
Bxe5 Kxh4 29. Bd4 Nd3 30. Re4+ Kg5 31. Re8 Nf4+ 32. Kf1 Kf5 33. Rg8 Ng6 34. Rc8 b6 35. a4 Ke4 36. Ke2 Nf4+ 37. Kd2 Kf3 38. Rg8 Ng6 39.
Re8 Re7 40. Rc8 Re2+ 41. Kd1 Re7 42. Kd2 Rf7 43. Kd3 Nh4 44. Rg8 Nf5 45. Rh8 Nxd4 46. cxd4 Kxf2 47. c5 bxc5 48. dxc5 dxc5 49. Kc4 Rf4+ 50.
Kxc5 Rxa4 51. Rxh7 Kg2 52. Rxc7 Ra1 53. Ra7 a4 54. Kb4 Rd1 0-1

[Event "Early-Titled-Tuesday-Blitz-September-12-2023"]
[Site "Chess.com"]
[Date "2023.09.12"]
[Round "2"]
[White "ProfessorChess101"]
[Black "Hasangatin_Ramil"]
[Result "0-1"]
[WhiteElo "2420"]
[BlackElo "2740"]
[TimeControl "180+1"]
[EndTime "8:18:52 PDT"]
[Termination "Hasangatin_Ramil won by resignation"]

1. d4 d5 2. c4 c6 3. cxd5 cxd5 4. Nc3 Nf6 5. Bf4 Qb6 6. e3 Bd7 7. Qc2 e6 8. Nf3 Be7 9. Bd3 O-O 10. O-O Rc8 11.
Ne5 Nc6 12. a3 Be8 13. Qe2 Qd8 14. Rac1 a6 15. Qf3 Nxe5 16. Bxe5 Nd7 17. Bf4 Nb6 18. Qh3 g6 19. Qh6 Bf8 20. Qh3 Rc6 21. Ne2 Rac8 22. Rxc6 Rxc6 23. Qf3 Nc4 24. Bxc4 Rxc4 25. Be5 Bb5 26. Nf4 Rc2 27. Nh5 f5 28. Nf6+ Kf7 29. Rb1 h6 30. h4 Bg7 31. Ng4 Be2 32. Qf4 Bxg4 33. f3 Bxe5 34. dxe5 Qxh4 35. fxg4 Qxg4 36. Qxg4 fxg4 37. b4 Re2 38. Rc1 g3 39. Rc7+ Ke8 40.
Kf1 Rxe3 41. Rxb7 Rxe5 42. Rb6 Kd7 43. Rxa6 d4 44. Ra7+ Kc6 45. Ra8 Rf5+ 46. Ke2 Rf2+ 47. Kd3 Rxg2 48. Rc8+ Kd7 49. Rc1 e5 50. Ke4 Re2+ 51.
Kd5 g2 52. b5 Rf2 53. b6 Rb2 54. Rc7+ Kd8 55. Rh7 0-1

[Event "Early-Titled-Tuesday-Blitz-September-12-2023"]
[Site "Chess.com"]
[Date "2023.09.12"]
[Round "2"]
[White "Gentlejimmy7"]
[Black "MaxLeto"]
[Result "1-0"]
[WhiteElo "2560"]
[BlackElo "2377"]
[TimeControl "180+1"]
[EndTime "8:18:52 PDT"]
[Termination "Gentlejimmy7 won by resignation"]

1. c4 e5 2. b3 Nf6 3. Bb2 Nc6 4. e3 d5 5. cxd5 Nxd5 6. Nc3 Ndb4 7. d3 Bf5 8. e4 Be6 9. a3 Na6 10. b4 Nd4 11. Rc1 Bb3 12. Qd2 c5 13. b5 Nc7 14. Nf3 Bd6 15. Be2 O-O 16. O-O Re8 17.
Bd1 Bxd1 18. Qxd1 Ncxb5 19. Nxb5 Nxb5 20. Qb3 Qd7 21. a4 Nd4 22. Bxd4 exd4 23. Nd2 Rab8 24. f4 Rec8 25. Qd5 Qc6 26. Qxc6 Rxc6 27. Rb1 b6 28.
Nc4 Bc7 29. g3 a6 30. Rb3 f6 31. Rfb1 Kf7 32. Kf2 h5 33. Kf3 g6 34. Na5 Re6 35. Nc4 Ke7 36. R3b2 Kd7 37. h3 Kc8 38. g4 hxg4+ 39.
hxg4 Kd7 40. Rh2 b5 41. Rh7+ Kc6 42. f5 gxf5 43. gxf5 Ree8 44. axb5+ axb5 45. Nd2 Rg8 46. Rf7 Rg3+ 47. Ke2 Be5 48. Ra1 Re3+ 49. Kf2 Rxd3 50. Nf3 c4 51. Ra6+ Rb6 52. Nxe5+ fxe5 53. Rf6+ Kc5 54. Raxb6 c3 55. Rfc6+ Kb4 56. f6 Re3 57. f7 Rxe4 58. Rf6 Rf4+ 59. Rxf4 exf4 60. f8=Q+ Kc4 61. Qxf4 b4 62. Rxb4+ Kxb4 63. Qxd4+ Kb3 64. Ke2 c2 65. Kd2 Ka2 66. Kxc2 Ka3 67. Qb6 Ka4 68. Kc3 1-0

[Event "Early-Titled-Tuesday-Blitz-September-12-2023"]
[Site "Chess.com"]
[Date "2023.09.12"]
[Round "2"]
[White "Arimin1329"]
[Black "ShahMatKanal"]
[Result "0-1"]
[WhiteElo "2223"]
[BlackElo "2492"]
[TimeControl "180+1"]
[EndTime "8:18:52 PDT"]
[Termination "ShahMatKanal won by checkmate"]

1. Nf3 c6 2. d4 g6 3. c4 Bg7 4.
b3 d5 5. Bb2 Nf6 6. g3 O-O 7.
Bg2 a5 8. O-O a4 9. Re1 Bf5 10.
Nfd2 Na6 11. e4 dxe4 12. Nxe4 Nxe4 13. Bxe4 Bxe4 14. Rxe4 c5 15. Na3 Nb4 16. Nb5 Nc6 17. Rb1 axb3 18. axb3 f5 19. Re1 cxd4 20. f4 Ra2 21. Qe2 Kh8 22. Qe6 Qb6 23. Kh1 Qc5 24.
Red1 Rd8 25. Nc7 Rxb2 26. Rxb2 d3 27. Ra2 Nd4 28. Qf7 Qxc7 29. Rxd3 Qc6+ 30. Kg1 Nf3+ 31. Kf2 Qb6+ 32. Ke2 Rxd3 33. Ra8+ Rd8 34. Rxd8+ Qxd8 35. Kxf3 Bf6 36. h4 b6 37. h5 Qg8 38. hxg6 Qxf7 39. gxf7 Kg7 40. g4 fxg4+ 41. Kxg4 Kxf7 42. Kf5 e6+ 43. Ke4 Ke7 44. b4 Kd6 45. Kd3 h5 46.
Ke4 h4 47. c5+ bxc5 48. bxc5+ Kxc5 49. Kf3 Kd4 50. Kg4 Ke4 51. f5 exf5+ 52. Kh3 f4 53. Kg2 f3+ 54. Kh3 Ke3 55. Kh2 Ke2 56. Kh3 f2 57. Kh2 Be5+ 58. Kg2 f1=Q# 0-1

[Event "Early-Titled-Tuesday-Blitz-September-12-2023"]
[Site "Chess.com"]
[Date "2023.09.12"]
[Round "2"]
[White "Russian_berezka"]
[Black "Aleksandar-Topalov"]
[Result "1-0"]
[WhiteElo "2615"]
[BlackElo "2340"]
[TimeControl "180+1"]
[EndTime "8:18:53 PDT"]
[Termination "Russian_berezka won by resignation"]

1. d4 e6 2. c4 f5 3. Nc3 Nf6 4. a3 b6 5. Bf4 Bb7 6. e3 Be7 7. h4 O-O 8. Nh3 Ne4 9. Nxe4 Bxe4 10. Ng5 Bb7 11. d5 h6 12. Nf3 Bf6 13. Qd2 d6 14.
dxe6 Qe7 15. Nd4 Bxd4 16. Qxd4 Qxe6 17. f3 Nd7 18. Bd3 Nc5 19. Bc2 Qg6 20. Kf2 Ne6 21. Qc3 Nxf4 22. exf4 Rae8 23. Rae1 Qf7 24. b4 g6 25. Qd4 h5 26. Bd3 Rxe1 27. Rxe1 Re8 28. Rxe8+ Qxe8 29. Qf6 Qf7 30. Qd8+ Kg7 31. Qb8 Bc6 32. Qxa7 d5 33. c5 bxc5 34. Qxc5 Bb7 35. Qd4+ Kh7 36. Qe5 c6 37. Qd6 Qg7 38. Qe5 Qf7 39. a4 Qd7 40. a5 Qc8 41. Qe7+ Kh6 42. Qf7 Ba6 43. Bc2 Qb7 44. Qxb7 Bxb7 45. Bd3 Kg7 46.
a6 Ba8 47. Ke3 Kf6 48. Kd4 Ke7 49. Kc5 Kd7 50. Kb6 d4 51. Ka7 c5 52. Kxa8 cxb4 53. Kb7 b3 54. a7 b2 55. a8=Q 1-0

[Event "Early-Titled-Tuesday-Blitz-September-12-2023"]
[Site "Chess.com"]
[Date "2023.09.12"]
[Round "2"]
[White "tandaleo"]
[Black "Guzman70"]
[Result "0-1"]
[WhiteElo "2502"]
[BlackElo "2325"]
[TimeControl "180+1"]
[EndTime "8:18:53 PDT"]
[Termination "Guzman70 won on time"]

1. Nc3 d5 2. e4 dxe4 3. Nxe4 Qd5 4. Nc3 Qa5 5. g3 c6 6. Bg2 Bf5 7. Nge2 Nf6 8. O-O e6 9. d4 Be7 10. Nf4 O-O 11. a3 Nbd7 12. Be3 Nd5 13. Ncxd5 cxd5 14. g4 Be4 15. f3 Bg6 16. c3 Nb6 17. Nxg6 hxg6 18.
f4 Nc4 19. Bc1 f5 20. Qe2 Qb6 21. g5 Rfe8 22. h4 Kf7 23. h5 Rh8 24. b3 Na5 25. hxg6+ Kxg6 26. Re1 Nxb3 27. Rb1 Nxd4 28. cxd4 Qxb1 29.
Qxe6+ Bf6 30. gxf6 gxf6 31. Qxd5 Rae8 32. Rf1 Re2 33. Qf3 Qa2 34. Be3 Rh4 35. Bf2 Rg4 36.
Kh2 Re8 37. Bh3 Rh8 38. Rg1 Kf7 39. Rxg4 fxg4 40. Qxb7+ Kg6 41. Qe4+ Kf7 42. Qb7+ Kg6 43. Qe4+ Kg7 44. Qe7+ Kg6 45. f5+ Kxf5 46. Qd7+ Kg6 47. Qxg4+ Kf7 48. Qf3 Qc2 49. Kg2 Rg8+ 50. Kf1 Qc1+ 51.
Be1 Re8 52. Qd5+ Kg7 53. Qg2+ Kf7 54. Qb7+ Kf8 55. Qb4+ Kg7 0-1

[Event "Early-Titled-Tuesday-Blitz-September-12-2023"]
[Site "Chess.com"]
[Date "2023.09.12"]
[Round "2"]
[White "KingCyber19"]
[Black "WiktoriaPOL"]
[Result "0-1"]
[WhiteElo "2497"]
[BlackElo "2308"]
[TimeControl "180+1"]
[EndTime "8:18:53 PDT"]
[Termination "WiktoriaPOL won by resignation"]

1. d4 Nf6 2. c4 g6 3. Nc3 Bg7 4. e4 d6 5. Be2 O-O 6. Be3 c5 7.
d5 e6 8. dxe6 fxe6 9. e5 Ne8 10.
Nf3 b6 11. O-O Bb7 12. exd6 Qxd6 13. Qc2 Nc6 14. Rad1 Qe7 15. Bg5 Nf6 16. Ne4 Nb4 17. Nxf6+ Bxf6 18. Bxf6 Qxf6 19. Qb1 Rad8 20. a3 Nc6 21.
Qe4 Qe7 22. Qe3 e5 23. Bd3 Rfe8 24. Be4 Nd4 25. Bxb7 Qxb7 26. Nxe5 Qe7 27. f4 Qe6 28. Qe4 Kg7 29. Rfe1 Re7 30. Qd3 Qf6 31. Nf3 Rxe1+ 32.
Rxe1 Qxf4 33. Qc3 Rd7 34. b4 Kg8 35. bxc5 bxc5 36. Nxd4 Qxd4+ 37. Qe3 Qxe3+ 38. Rxe3 Rd4 39. Re7 Rxc4 40. Rxa7 Rc3 41. Kf2 Rc2+ 42. Kf3 c4 43. a4 c3 44. a5 Rc1 45. a6 c2 46. Rc7 Rf1+ 47. Ke2 c1=Q 48. Rc6 Qxc6 0-1

[Event "Early-Titled-Tuesday-Blitz-September-12-2023"]
[Site "Chess.com"]
[Date "2023.09.12"]
[Round "2"]
[White "Gyulamiryan-koryun"]
[Black "verrbaa"]
[Result "1-0"]
[WhiteElo "2018"]
[BlackElo "2435"]
[TimeControl "180+1"]
[EndTime "8:18:53 PDT"]
[Termination "Gyulamiryan-koryun won by resignation"]

1. e4 c5 2. Nf3 e6 3. d4 cxd4 4. Nxd4 Nc6 5. Nc3 d6 6. Be3 Nf6 7. f3 h5 8. Be2 a6 9. a4 Be7 10.
Qd2 Qc7 11. O-O-O Bd7 12. f4 Nxd4 13. Qxd4 e5 14. fxe5 dxe5 15. Qb6 Qxb6 16. Bxb6 Rc8 17. Nd5 Bxa4 18. Bd3 Nxd5 19. exd5 Bd6 20. Kb1 Bd7 21.
h3 g6 22. Rhf1 Ke7 23. Be3 f5 24. Bg5+ Kf7 25. g4 hxg4 26. hxg4 Rhg8 27. gxf5 gxf5 28. Bxf5 Bxf5 29. Rxf5+ Kg6 30. Rf6+ Kxg5 31. Rxd6 Kf4 32. c3 Rg2 33. Re6 Rf8 34. Rf1+ Ke4 35. Rxf8 Kxd5 36. Rfe8 Re2 37. Rb6 e4 38. Rxb7 e3 39. Rd7+ Kc4 40.
Rde7 Kd3 41. Rd7+ Kc4 42. Rc7+ Kd3 43. Rce7 Re1+ 44. Ka2 Kd2 45. Rxe3 Rxe3 46. Rxe3 Kxe3 47. Kb3 Ke4 48. Kb4 Kd5 49. Ka5 Kc4 50. Kxa6 Kb3 51. Ka5 Kxb2 52. c4 1-0

[Event "Early-Titled-Tuesday-Blitz-September-12-2023"]
[Site "Chess.com"]
[Date "2023.09.12"]
[Round "2"]
[White "secretsuperstar7"]
[Black "gshwbedhkhd"]
[Result "1-0"]
[WhiteElo "2402"]
[BlackElo "2551"]
[TimeControl "180+1"]
[EndTime "8:18:56 PDT"]
[Termination "secretsuperstar7 won on time"]

1. c4 f5 2. Nc3 Nf6 3. g3 g6 4.
Bg2 Bg7 5. Nf3 O-O 6. O-O d6 7. d4 Qe8 8. b3 Na6 9. Bb2 c6 10. Re1 Rb8 11. e4 fxe4 12. Nxe4 Nxe4 13. Rxe4 Bf5 14. Re1 b5 15. Bc3 bxc4 16. bxc4 Qf7 17. Qe2 Bg4 18. Ng5 Bxe2 19. Nxf7 Bxc4 20. Ng5 Bf6 21. Ne4 d5 22. Nxf6+ exf6 23. Re6 Rb6 24. a4 Nc7 25. Re7 Rf7 26. Re3 Kg7 27. Bh3 Rb8 28. Ba5 Ne8 29. Re6 Rfb7 30. Bg4 Rb1+ 31. Rxb1 Rxb1+ 32. Kg2 Bf1+ 33. Kf3 Rb3+ 34. Re3 Rxe3+ 35.
Kxe3 Nd6 36. Bc7 Nc4+ 37. Kf4 f5 38. Bd1 Kf6 39. Bd8+ Kf7 40. h4 h6 41. f3 Bd3 42. g4 fxg4 43. fxg4 Ke6 44. a5 Nd6 45.
Bc7 Nb5 46. Bb8 a6 47. Ke3 Be4 48. Be2 Bg2 49. Bf4 g5 50. hxg5 hxg5 51. Bxg5 Be4 52. Bf4 Bc2 53. g5 Bg6 54. Bg4+ Bf5 55. Bh5 Nc3 56. g6 1-0

[Event "Early-Titled-Tuesday-Blitz-September-12-2023"]
[Site "Chess.com"]
[Date "2023.09.12"]
[Round "2"]
[White "DanyKopy"]
[Black "Vuk2000"]
[Result "0-1"]
[WhiteElo "2487"]
[BlackElo "2763"]
[TimeControl "180+1"]
[EndTime "8:18:57 PDT"]
[Termination "Vuk2000 won on time"]

1. e4 d5 2. exd5 Qxd5 3. Nc3 Qd6 4. d4 Nf6 5. Nf3 c6 6. g3 Bg4 7.
Bg2 e6 8. O-O Qd8 9. Be3 Nbd7 10. Qd3 Bd6 11. Ne2 O-O 12. c4 Re8 13. Bf4 Qc7 14. Qe3 e5 15. dxe5 Nxe5 16. Bxe5 Bxe5 17. Qb3 Qb6 18. Rfe1 Bxb2 19. Rab1 Qxb3 20. axb3 Ba3 21.
Nf4 Bb4 22. Rxe8+ Rxe8 23. Nd3 Bf5 24. Rd1 Rd8 25. Nfe5 Bc3 26. Bf3 g6 27. Rc1 Bd2 28. Rd1 Bc3 29. Rc1 Bd4 30. Re1 Kg7 31. Nf4 Ng8 32. Kg2 Bc2 33. b4 Bc3 34. Rc1 Bxe5 35. Rxc2 Bxf4 36. gxf4 Rd4 37. b5 cxb5 38. cxb5 Rd7 39. Ra2 b6 40. Bc6 Rc7 41. f5 gxf5 42.
f4 Ne7 43. Bf3 Ng6 44. Kg3 Nf8 45. h4 Ne6 46. Rd2 Kf6 47. Rd5 h6 48. Rd6 Rc5 49. Bc6 Rc3+ 50. Kf2 Rc4 51. Rd7 Rxf4+ 52. Kg3 Ra4 53.
Rc7 Ra3+ 54. Kf2 Nxc7 0-1

[Event "Early-Titled-Tuesday-Blitz-September-12-2023"]
[Site "Chess.com"]
[Date "2023.09.12"]
[Round "2"]
[White "GianmarcoVaR"]
[Black "Rdeux42"]
[Result "1-0"]
[WhiteElo "2609"]
[BlackElo "2392"]
[TimeControl "180+1"]
[EndTime "8:18:58 PDT"]
[Termination "GianmarcoVaR won by resignation"]

1. e4 c5 2. c3 d5 3. exd5 Qxd5 4.
d4 Nc6 5. Nf3 Bf5 6. Na3 cxd4 7.
Nb5 O-O-O 8. Nfxd4 e5 9. Qf3 exd4 10. Qxd5 Rxd5 11. Bc4 Re5+ 12. Kf1 dxc3 13. bxc3 a6 14. Nd4 Nxd4 15. cxd4 Re8 16. Bf4 Nf6 17. Rc1 Ba3 18. Be6+ Kd8 19. Rc8+ Ke7 20. Rxe8+ Rxe8 21. Bxf5 Bd6 22.
Bd2 g6 23. Bd3 Nd5 24. g3 Bb4 25. Bg5+ f6 26. Bh6 Kd6 27. Kg2 Re1 28. Rxe1 Bxe1 29.
h4 Bc3 30. h5 f5 31. Bf8+ Ke6 32. Bg7 b5 33. h6 Kd6 34. Be5+ Kc6 35. Kf3 a5 36. g4 fxg4+ 37. Kxg4 Ne7 38. Be4+ Kd7 39. Kg5 b4 40. Kf6 a4 41. Kg7 a3 42. Bc2 Nc6 43. Ba4 b3 44. Bxb3 Nxe5 45. dxe5 Bxe5+ 46. Kxh7 g5 47. Kg8 Kd6 48. f3 Kc5 49. h7 Kd4 50. h8=Q Bxh8 51.
Kxh8 Ke3 52. Bd5 Kf4 53. Kg7 g4 54. fxg4 Kxg4 55. Kf6 Kf4 56. Bb3 Ke4 57. Ke6 Kd4 58. Kd6 1-0

[Event "Early-Titled-Tuesday-Blitz-September-12-2023"]
[Site "Chess.com"]
[Date "2023.09.12"]
[Round "2"]
[White "Sadykov_Ramil"]
[Black "BJthechessgod"]
[Result "0-1"]
[WhiteElo "2573"]
[BlackElo "2419"]
[TimeControl "180+1"]
[EndTime "8:18:58 PDT"]
[Termination "BJthechessgod won on time"]

1. e4 c5 2. Nf3 e6 3. d4 cxd4 4.
Nxd4 Nc6 5. Nc3 Qc7 6. Be3 a6 7. Qf3 Nf6 8. O-O-O Ne5 9. Qg3 b5 10. Bf4 d6 11. Bxb5+ axb5 12. Ndxb5 Qb8 13. Rxd6 Bxd6 14. Nxd6+ Qxd6 15. Bxe5 Qc5 16. Qxg7 Qxe5 17. Qxh8+ Ke7 18. Qg7 Bb7 19. Qg3 Qxg3 20. hxg3 Nxe4 21. Nxe4 Bxe4 22. f3 Rxa2 23. Kb1 Bd5 24. Rxh7 Ra8 25. b3 Rb8 26.
Kb2 e5 27. Rh4 Rg8 28. c4 Be6 29. g4 f5 30. Rh7+ Kd6 31. gxf5 Rxg2+ 32. Kc3 Bxf5 33.
Rh6+ Kd7 34. Rf6 Be6 35. b4 Rf2 36. b5 Bg4 37. Kb4 Rxf3 38. Rg6 Bf5 39. Rg7+ Kd6 40. b6 Rf1 41. c5+ Kc6 42. Rc7+ Kd5 43. b7 Rb1+ 44.
Kc3 e4 45. c6 e3 46. Rc8 e2 47.
Re8 Be4 48. Rxe4 Kxe4 49. Kc4 e1=Q 0-1

[Event "Early-Titled-Tuesday-Blitz-September-12-2023"]
[Site "Chess.com"]
[Date "2023.09.12"]
[Round "2"]
[White "emeli_chess"]
[Black "FARIZA2018"]
[Result "0-1"]
[WhiteElo "2357"]
[BlackElo "2537"]
[TimeControl "180+1"]
[EndTime "8:18:58 PDT"]
[Termination "FARIZA2018 won by resignation"]

1. d4 Nf6 2. c4 e6 3. Nc3 d5 4.
cxd5 exd5 5. Bg5 Be7 6. e3 O-O 7. Bd3 h6 8. Bh4 c6 9. Qc2 Re8 10.
Nge2 a5 11. h3 Na6 12. a3 Nc7 13. O-O Ne6 14. Rae1 b5 15. Bxf6 Bxf6 16. Ng3 Ba6 17.
Nce2 Qb6 18. Nh5 Be7 19. Nef4 Nxf4 20. Nxf4 Bd6 21. Ne2 Rac8 22. Rc1 b4 23. a4 c5 24. Bxa6 Qxa6 25. dxc5 Bxc5 26. Qd2 Red8 27. b3 Be7 28.
Nd4 Bf6 29. Rfd1 Rxc1 30. Rxc1 Rc8 31. g3 Bxd4 32. Rxc8+ Qxc8 33. Qxd4 Qc6 34. h4 h5 35. Qa7 Qc1+ 36. Kg2 Qd1 37. Qxa5 Qxb3 38. Qd8+ Kh7 39. a5 Qc4 40. a6 Qxa6 41. Qxd5 Qg6 42. Qb5 Qe4+ 43. f3 Qc2+ 44. Kh3 Qc8+ 45. g4 hxg4+ 46. fxg4 Qc3 47. Qh5+ Kg8 48. Qg5 b3 49. Qd8+ Kh7 50.
Qb6 b2 51. g5 Qc8+ 52. Kg3 Qc2 53. h5 b1=Q 54. g6+ fxg6 0-1

[Event "Early-Titled-Tuesday-Blitz-September-12-2023"]
[Site "Chess.com"]
[Date "2023.09.12"]
[Round "2"]
[White "pirulillo"]
[Black "Korchmar_Vasiliy"]
[Result "0-1"]
[WhiteElo "2308"]
[BlackElo "2704"]
[TimeControl "180+1"]
[EndTime "8:18:59 PDT"]
[Termination "Korchmar_Vasiliy won by checkmate"]

1. e4 c5 2. Nf3 d6 3. d4 cxd4 4. Nxd4 Nf6 5. Nc3 Nc6 6. Be2 g6 7. O-O Bg7 8. Nb3 O-O 9. Bg5 h6 10. Bh4 Be6 11. f4 a6 12. Bf3 b5 13. Nd5 Bxd5 14.
exd5 Na5 15. Nxa5 Qxa5 16. c3 b4 17. c4 Qc5+ 18. Kh1 Qxc4 19. Qd2 Rfc8 20. Rfc1 Qb5 21. Rxc8+ Rxc8 22. Bf2 Nd7 23. Re1 Bf6 24. Bg4 h5 25. Bh3 Rc7 26. f5 g5 27. g3 Ne5 28. Bg2 Qc4 29. Bd4 Nd3 30. Bxf6 exf6 31. Rd1 Ne5 32. b3 Qc2 33. Qxc2 Rxc2 34. Ra1 Rb2 35. a3 Rxb3 36. axb4 Rxb4 37. h3 Rb6 38. Bf1 Rb3 39. Kg2 Rb2+ 40.
Kh1 Rd2 41. Bg2 g4 42. hxg4 Nxg4 43. Rxa6 Rd1+ 44. Bf1 Rxf1+ 45. Kg2 Rxf5 46. Kh3 Rxd5 47.
Ra7 Kg7 48. Rd7 Ne5 49. Ra7 Rd1 50. Kg2 d5 51. Kh3 d4 52. g4 hxg4+ 53. Kh4 d3 54. Ra3 d2 55. Rg3 Rh1+ 56. Rh3 Rxh3# 0-1

[Event "Early-Titled-Tuesday-Blitz-September-12-2023"]
[Site "Chess.com"]
[Date "2023.09.12"]
[Round "2"]
[White "Hilary46"]
[Black "Rikikits"]
[Result "0-1"]
[WhiteElo "2560"]
[BlackElo "2856"]
[TimeControl "180+1"]
[EndTime "8:19:02 PDT"]
[Termination "Rikikits won by resignation"]

1. e4 e5 2. Nf3 Nc6 3. Bb5 a6 4. Ba4 Nf6 5. O-O Be7 6. Re1 b5 7. Bb3 O-O 8. c3 d6 9. h3 Nb8 10. d4 Nbd7 11. Nbd2 Bb7 12. Bc2 c5 13. d5 c4 14. Nf1 Re8 15. Ng3 Bf8 16. Be3 Nc5 17. b4 cxb3 18. axb3 a5 19. b4 axb4 20. cxb4 Ncd7 21.
Qe2 Qc7 22. Bd3 Ra4 23. Rab1 Rea8 24. Rec1 Qb8 25. Bxb5 Ra2 26. Qc4 g6 27. Bc6 Be7 28. b5 R8a4 29. Qb3 R2a3 30. Qc2 Bd8 31. Bxb7 Qxb7 32.
Qc8 Qxc8 33. Rxc8 Ra8 34. Rxa8 Rxa8 35. b6 Rb8 36. b7 Bb6 37. Rxb6 Nxb6 38. Bxb6 Rxb7 39.
Be3 Rb4 40. Nd2 Nd7 41. Kf1 f6 42. Ke2 Kf7 43. Kd3 Ke7 44. Ne2 f5 45. f3 Nf6 46.
Bg5 Kf7 47. Bxf6 Kxf6 48. Nc4 Ke7 49. exf5 gxf5 50. Ng3 e4+ 51. fxe4 Rb3+ 52. Kd4 Rxg3 53. exf5 Rxg2 54. f6+ Kd7 55. Nb6+ Kc7 56. Nc4 Rf2 57. Ke4 Rxf6 58. Ne3 Rh6 59. Kf5 Rxh3 60. Ng4 h5 61. Nh6 Rd3 62. Ke6 Re3+ 0-1